 Dungeon Crawl Stone Soup version 0.19-a0-45-g2c295ea (webtiles) character file.

343 namelastname112 the Digger (level 6, -2/45 HPs)
             Began as a Draconian Earth Elementalist on May 5, 2016.
             Slain by an orc
             ... wielding a +0 trident
              (5 damage)
             ... on level 3 of the Dungeon.
             The game lasted 00:04:20 (3187 turns).

namelastname112 the Digger (DrEE)                   Turns: 3187, Time: 00:04:21

Health: -2/45      AC:  6    Str: 10    XL:     6   Next: 31%
Magic:  1/11       EV: 12    Int: 17    God:
Gold:   223        SH:  0    Dex: 12    Spells: 2 memorised, 8 levels left

rFire  . . .     SeeInvis .     e - +0 spear
rCold  . . .     Gourm    .     (armour unavailable)
rNeg   . . .     Faith    .     (no shield)
rPois  .         Spirit   .     (helmet restricted)
rElec  .         Dismiss  .     (no cloak)
rCorr  .         Reflect  .     (no gloves)
SustAt .         Harm     .     (no boots)
MR     .....                    (no amulet)
Stlth  ++........               (no ring)
                                (no ring)

@: very slightly contaminated, not resistant to hostile enchantments, unstealthy
A: unfitting armour, cold-blooded, AC +6
a: no special abilities


You were on level 3 of the Dungeon.
You were not hungry.

You visited 1 branch of the dungeon, and saw 4 of its levels.

You collected 223 gold pieces.

Inventory:

Hand Weapons
 e - a +0 spear (weapon)
Missiles
 a - 123 stones (quivered)
Wands
 q - a wand of random effects (18/48)
Scrolls
 d - 2 scrolls of identify
 g - 3 scrolls of random uselessness {unknown}
 h - a scroll of enchant weapon {unknown}
 l - a scroll of magic mapping {unknown}
 m - a scroll of noise {unknown}
 o - a scroll of recharging {unknown}
 p - a scroll of teleportation {unknown}
Potions
 f - a potion of might
 j - a potion of lignification {unknown}
 k - a potion of heal wounds {unknown}
 n - 2 potions of brilliance {unknown}
Books
 b - a book of Geomancy

   Spells                             Type                      Level
   a - Sandblast                      Earth                        1
   b - Passwall                       Transmutation/Earth          2
   c - Stone Arrow                    Conjuration/Earth            3
   d - Petrify                        Transmutation/Earth          4
   e - Lee's Rapid Deconstruction     Earth                        5
Comestibles
 c - a bread ration


   Skills:
 - Level 1.7 Dodging
 - Level 1.7 Stealth
 + Level 3.5 Spellcasting
 + Level 2.8 Conjurations
   Level 1.0 Transmutations
 * Level 5.5 Earth Magic


You had 8 spell levels left.
You knew the following spells:

 Your Spells              Type           Power        Failure   Level  Hunger
x - Stone Arrow           Conj/Erth      ###...       10%         3    ###....
z - Sandblast             Erth           ###...       1%          1    None


Dungeon Overview and Level Annotations

Branches:
Dungeon (4/15)
 Temple: D:4-7

Altars:
Elyvilon
Sif Muna


Innate Abilities, Weirdness & Mutations

Your plain brown scales are hard (AC +6).
Your body does not fit into most forms of armour.
You are cold-blooded and may be slowed by cold attacks.


Message History

* * * LOW HITPOINT WARNING * * *
You take 8 damage, and have 3/45 hp.
You now have 1/11 mp.
Casting: Sandblast
Confirm with . or Enter, or press ? or * to list all spells.
Aiming: Sandblast
Press: ? - help, Shift-Dir - straight line, f/p - orc
Aim: an orc, wielding a trident and wearing a leather armour (heavily wounded)
The blast of sand hits the orc.
The orc is heavily wounded.
The orc hits you with a whip.
* * * LOW HITPOINT WARNING * * *
The orc hits you but does no damage.
You take 1 damage, and have 2/45 hp.
You now have 0/11 mp.
The ball python bites you but does no damage.
The ball python closely misses you.
The ball python bites you but does no damage.
The ball python grabs you. The ball python constricts you.
You escape the ball python's grasp.
The kobold hits you but does no damage.
The orc hits you from afar with a trident.
You die...

.###.......# #.......#.#####.#
.####....### ####.........##.#
...........# ######.......#
####.......###########.......#
...........##.......###.#.##.#
.#.###...####.......# #.#.##.#
K.(..#...####.o.o...# #.#.##.#
.o...#.####.)..KS...# #......#
.....#.####.#.$.@...# ###.####
.#..##..............# ##>#.##
)...K).<.##.#.......###.###.##
###.........##.#######.## ##.#
#####..#####># ##.###.##
######...#####.# ##.#.##
.....#.#.......##########..#
####.#...#.................#
#.#.###.##.##.###########


You could see 2 orcs, a ball python and a kobold.

Vanquished Creatures
  Eustachio (D:4)
  An orc priest (D:2)
  A howler monkey skeleton (D:4)
  3 gnolls (D:3)
  5 adders
  2 oozes (D:2)
  3 worms (D:3)
  A dart slug (D:1)
  3 giant geckos
  5 orcs
  2 giant cockroaches
  3 goblins
  6 hobgoblins
  7 jackals
  7 kobolds
  A quokka (D:3)
  4 ball pythons
  7 bats
  3 giant newts
  5 rats
70 creatures vanquished.

Notes
Turn   | Place    | Note
--------------------------------------------------------------
     0 | D:1      | namelastname112 the Draconian Earth Elementalist began the quest for the Orb.
     0 | D:1      | Reached XP level 1. HP: 14/14 MP: 3/3
   353 | D:1      | Reached XP level 2. HP: 14/20 MP: 5/5
  1011 | D:2      | Reached XP level 3. HP: 22/26 MP: 1/6
  1016 | D:2      | Learned a level 3 spell: Stone Arrow
  1178 | D:2      | Reached skill level 4 in Earth Magic
  1308 | D:2      | Reached skill level 1 in Conjurations
  1491 | D:2      | Found a deep blue altar of Sif Muna.
  1620 | D:3      | Reached XP level 4. HP: 17/33 MP: 0/8
  2817 | D:3      | Reached XP level 5. HP: 26/38 MP: 9/9
  2835 | D:4      | Noticed Eustachio
  2843 | D:4      | Killed Eustachio
  2843 | D:4      | Reached skill level 5 in Earth Magic
  2843 | D:4      | Reached XP level 6. HP: 24/45 MP: 0/11
  2859 | D:4      | Found a white marble altar of Elyvilon.
  3182 | D:3      | HP: 2/45 [orc/whip (1)]
  3187 | D:3      | Slain by an orc

Vault maps used:
D:1:      minmay_arrival_doors, st_stairs_14, kennysheep_boxes
D:2:      lemuel_blue_sif_altar
D:4:      elyvilon_altar_5, first_bread, uniq_eustachio

Skill      XL: |  1  2  3  4  5 |
---------------+----------------+-----
Earth Magic    | 4 5 |  5.5
Conjurations   | 1 2 |  2.8
Spellcasting   | 3 |  3.5
Dodging        | |  1.7
Stealth        | |  1.7
Transmutations | |  1.0

Action                   |  1- 3 |  4- 6 || total
-------------------------+-------+-------++-------
Melee: Spear             |   132 |   127 ||   259
       Tailslap          |     5 |    13 ||    18
 Cast: Sandblast         |     6 |    16 ||    22
       Stone Arrow       |     2 |    10 ||    12
Evoke: Wand              |       |     3 ||     3
  Use: Potion            |       |     3 ||     3
       Scroll            |       |     1 ||     1
 Stab: Sleeping          |     3 |       ||     3
  Eat: Chunk             |     2 |     7 ||     9
Armor: Skin              |    44 |    42 ||    86
Dodge: Dodged            |    72 |    99 ||   171
